 Dungeon Sprint DCSS version 0.29-a0-1008-g949cc1d0fb (webtiles) character file.

Game seed: 17205599448597159939

1253 mhtbhm the Unseen (level 8, -7/36 (40) HPs)
             Began as a Spriggan Brigand on Aug 7, 2022.
             Was a Believer of Dithmenos.
             Killed from afar by Josephine (20 damage)
             ... with a ghostly fireball
             ... in the Dungeon (Sprint III: "The Ten Rune Challenge").
             The game lasted 00:02:19 (522 turns).

mhtbhm the Unseen (Spriggan Brigand)                 Turns: 522, Time: 00:02:20

HP:   -7/36 (40)    AC:  3    Str:  7    XL:     8   Next: 26%
MP:   13/13         EV: 18    Int: 12    God:    Dithmenos [**....]
Gold: 15            SH:  0    Dex: 19    Spells: 7/7 levels left

rFire   . . .      SeeInvis +   a - +0 dagger (elec)
rCold   . . .      Faith    .   (no shield)
rNeg    . . .      Spirit   .   b - +0 robe
rPois   .          Reflect  .   (helmet restricted)
rElec   .          Harm     .   c - +0 cloak
rCorr   .          Rampage  .   (gloves unavailable)
Will    +....      NoTele   +   (boots unavailable)
Stlth   ++++++++++              (no amulet)
HPRegen 0.12/turn               (no ring)
MPRegen 0.13/turn               (no ring)

@: wreathed by umbra, heavily drained, very quick
A: very small, no large weapons, unfitting armour, see invisible, speed 3
a: Renounce Religion, Shadow Step


You were in the Dungeon.
You worshipped Dithmenos.
Dithmenos was pleased with you.
You visited 1 branch You collected 15 gold pieces.

Inventory:

Hand Weapons
 a - a +0 dagger of electrocution (weapon)
Missiles
 d - 8 poisoned darts (quivered)
Armour
 b - a +0 robe (worn)
 c - a +0 cloak (worn)
Wands
 r - a wand of mindburst (18)
Scrolls
 k - a scroll of blinking
 l - 3 scrolls of identify {unknown}
 o - 2 scrolls of poison {unknown}
Potions
 f - 2 potions of curing
 h - 2 potions of haste
 i - 2 potions of magic
 j - a potion of berserk rage
 m - 3 potions of mutation {unknown}
 n - a potion of degeneration {unknown}
 p - 2 potions of flight {unknown}
 q - a potion of cancellation {unknown}
 s - a potion of might
Miscellaneous
 t - a box of beasts


   Skills:
 + Level 3.4 Fighting
 + Level 6.0 Short Blades
 + Level 8.1 Throwing
 + Level 3.5 Dodging
 + Level 20.9 Stealth
 * Level 6.2 Invocations


You had 7 spell levels left.
You didn't know any spells.
Your spell library contained the following spells:

 Spells                   Type           Power      Damage    Failure   Level
 Gell's Gravitas          Tloc           0%         N/A       69%         3
 Lesser Beckoning         Tloc           0%         N/A       69%         3
 Ozocubu's Armour         Ice            0%         N/A       69%         3
 Teleport Other           Tloc           0%         N/A       69%         3
 Ozocubu's Refrigeration  Ice            0%         4d7       100%        7


Dungeon Overview and Level Annotations

Branches:
Dungeon (1/1)

Altars:
Cheibriados
Dithmenos
Elyvilon
Fedhas
Gozag
Hepliaklqana
Kikubaaqudgha
Makhleb
Nemelex Xobeh
Okawaru
Qazlal
Ru
Sif Muna
Trog
Uskayaw
Vehumet
Wu Jian
Xom
Yredelemnul
Zin
The Shining One
Jiyva
Lugonu

Annotations:
D Josephine


Innate Abilities, Weirdness & Mutations

You are very small and have problems with some larger weapons.
You are too small for most types of armour.
You have supernaturally acute eyesight. (SInv)
You cover ground extremely quickly. (Speed+++)


Message History

Josephine hits you with a +0 dagger.
Unknown command.
Throw: dart (curare)
Press: ? - help, Q - select action, (/) - cycle Shift-Dir - straight line, f/p - Josephine
Aim: Josephine, wielding a +0 dagger and wearing a +0 robe (black smoke, lightly wounded, very poisoned, slow, umbra, 66% to hit)
You throw a curare-tipped dart. The curare-tipped dart hits Josephine.
Josephine looks as sick as possible!
Josephine convulses.
Josephine seems to be slow for longer.
Josephine is moderately wounded.
You hit Josephine but do no damage.
Josephine is moderately wounded.
You hit Josephine but do no damage.
Josephine is moderately wounded.
Josephine hits you with a +0 dagger.
You hit Josephine. Lightning courses through Josephine!
Josephine is heavily wounded.
You hit Josephine. Lightning courses through Josephine!
Josephine is almost dead.
Josephine closely misses you.
You closely miss Josephine.
Josephine is almost dead.
You hit Josephine.
Josephine is almost dead.
You hit Josephine but do no damage.
Josephine is almost dead.
Josephine hits you with a +0 dagger!
You hit Josephine.
Josephine is almost dead.
You hit Josephine but do no damage.
Josephine is almost dead.
Josephine hits you with a +0 dagger!
You hit Josephine.
Josephine is almost dead.
You closely miss Josephine.
Josephine is almost dead.
Josephine points at you and mumbles some strange words.
The ghostly flame explodes!
The ghostly fireball engulfs you!!
You feel drained.
Ouch! That really hurt!
You die...

.#)..#__)#._#
.###'#'###'##
.#..........#
.'.⌠........#
.#...######'#
.#.⌠.#__#...#+#####
.#...#__#...#.§§§~+
.#'###__#...#.#§§§#
.#.))#__#...'.#§@§#
.#___#__'...#.#§@§#
▓▓▓▓▓▓▓▓▓▓▓▓▓▓▓▓▓▓▓


You could see Josephine (very poisoned, slow).

Vanquished Creatures
  A deep elf pyromancer (D)
  A shadow (D)
  A spatial vortex (D)
  A water elemental (D)
  A necrophage (D)
  Crazy Yiuf (D)
  A jelly (D)
  A wizard (D)
  A necromancer (D)
  3 humans (D)
  A kobold demonologist (D)
  An endoplasm (D)
  3 rats (D)
17 creatures vanquished.

Notes
Turn   | Place    | Note
-------+----------+-------------------------------------------
     0 | D        | mhtbhm the Spriggan Brigand began the quest for the Orb.
     0 | D        | Reached XP level 1. HP: 10/10 MP: 2/2
     5 | D        | Reached skill level 6 in Stealth
    15 | D        | Reached skill level 7 in Stealth
    57 | D        | Reached skill level 9 in Stealth
    57 | D        | Reached XP level 2. HP: 15/15 MP: 3/3
    79 | D        | Noticed Crazy Yiuf
   197 | D        | Killed Crazy Yiuf
   198 | D        | Reached skill level 10 in Stealth
   198 | D        | Reached XP level 3. HP: 18/18 MP: 4/4
   239 | D        | Noticed a water elemental
   242 | D        | Killed a water elemental
   243 | D        | Reached skill level 12 in Stealth
   243 | D        | Reached XP level 4. HP: 23/23 MP: 5/5
   253 | D        | Found a shadowy altar of Dithmenos.
   253 | D        | Noticed a necrophage
   254 | D        | Found a basalt altar of Yredelemnul.
   254 | D        | Found a sacrificial altar of Ru.
   256 | D        | Reached skill level 13 in Stealth
   256 | D        | Killed a necrophage
   257 | D        | Reached skill level 5 in Throwing
   257 | D        | Reached skill level 14 in Stealth
   257 | D        | Reached XP level 5. HP: 27/27 MP: 6/6
   260 | D        | Became a worshipper of Dithmenos the Shadowed
   275 | D        | Found a radiant altar of Vehumet.
   276 | D        | Found a shimmering blue altar of Sif Muna.
   276 | D        | Found an ancient bone altar of Kikubaaqudgha.
   278 | D        | Reached skill level 15 in Stealth
   278 | D        | Reached skill level 1 in Invocations
   309 | D        | Found a glowing silver altar of Zin.
   310 | D        | Found a glowing golden altar of the Shining One.
   310 | D        | Found a white marble altar of Elyvilon.
   310 | D        | Noticed a deep elf pyromancer
   312 | D        | Killed a deep elf pyromancer
   312 | D        | Reached * piety under Dithmenos
   313 | D        | Reached skill level 5 in Short Blades
   313 | D        | Reached skill level 18 in Stealth
   313 | D        | Reached XP level 6. HP: 32/32 MP: 7/10
   313 | D        | Reached XP level 7. HP: 36/36 MP: 7/11
   350 | D        | Found a hide-covered altar of Uskayaw.
   350 | D        | Found an iron altar of Okawaru.
   351 | D        | Found a bloodstained altar of Trog.
   351 | D        | Found an ornate altar of the Wu Jian Council.
   351 | D        | Noticed a human
   351 | D        | Noticed a human
   353 | D        | Killed a human
   354 | D        | Reached skill level 19 in Stealth
   354 | D        | Reached skill level 5 in Invocations
   354 | D        | Killed a human
   355 | D        | Reached skill level 20 in Stealth
   370 | D        | Noticed a shadow
   377 | D        | Killed a shadow
   377 | D        | Reached ** piety under Dithmenos
   378 | D        | Reached XP level 8. HP: 40/40 MP: 13/13
   477 | D        | Found a blossoming altar of Fedhas.
   477 | D        | Found a stormy altar of Qazlal.
   478 | D        | Found a snail-covered altar of Cheibriados.
   478 | D        | Found a burning altar of Makhleb.
   478 | D        | Found a hazy altar of Hepliaklqana.
   478 | D        | Found a shimmering altar of Xom.
   478 | D        | Found an opulent altar of Gozag.
   478 | D        | Found a sparkling altar of Nemelex Xobeh.
   478 | D        | Found a corrupted altar of Lugonu.
   478 | D        | Found a viscous altar of Jiyva.
   501 | D        | Noticed Josephine
   522 | D        | Killed from afar by Josephine

Illustrated notes

Levels and vault maps discovered:
D:        dungeon_sprint_mu [sprint_mu_entry_forest, sprint_mu_temple_rooms,
          sprint_mu_d1_horrors, sprint_mu_d2_genie, sprint_mu_d3_branching,
          sprint_mu_orc_legion, sprint_mu_elf_gauntlet, sprint_mu_hive_nellie,
          sprint_mu_lair_fedhas, sprint_mu_vaults_butterflies,
          sprint_mu_slime_circle, sprint_mu_swamp_cave, sprint_mu_shoals_archi,
          sprint_mu_blade_basic, sprint_mu_crypt_lich, sprint_mu_tomb_spiral,
          sprint_mu_vestibule_basic, sprint_mu_gehenna_hellfire,
          sprint_mu_dis_giant, sprint_mu_tartarus_statrot,
          sprint_mu_cocytus_islands, sprint_mu_zot1]

Skill      XL: |  1  2  3  4  5  6  7  8 |
---------------+-------------------------+-----
Stealth        | 9 10 12 14 18 20 | 20.9
Fighting       | 2 3 |  3.4
Short Blades   | 3 4 5 6 |  6.0
Throwing       | 3 4 5 7 8 |  8.1
Dodging        | 2 3 |  3.5
Invocations    | 4 5 6 |  6.2

Action                   |  1- 3 |  4- 6 |  7- 9 || total
-------------------------+-------+-------+-------++-------
Melee: Dagger            |    12 |    13 |    24 ||    49
Throw: Dart              |    14 |     1 |     3 ||    18
  Use: Potion            |       |       |     2 ||     2
 Stab: Sleeping          |     3 |     4 |     3 ||    10
Dodge: Dodged            |     2 |     6 |     8 ||    16

Table legend: (Time is in decaauts)
 A = Elapsed time spent in this place.
 B = Non-inter-level travel time spent in this place.
 C = Inter-level travel time spent in this place.
 D = Time resting spent in this place.
 E = Time spent auto-exploring this place.
 F = Levels seen in this place.
 G = Mean time per level.
                   A        B        C        D        E       F      G
               +--------+--------+--------+--------+--------+-----+--------+
         Total |    448 |    448 |      0 |    233 |     10 |   1 |  448.0 |
       Dungeon |    448 |    448 |      0 |    233 |     10 |   1 |  448.0 |
               +--------+--------+--------+--------+--------+-----+--------+

Top non-repeatable levels by time:
       D: 448 daAuts
